 Dungeon Crawl Stone Soup version 0.27-a0-1099-g7f87ac42b0 (webtiles) character file.

Game seed: 17176428898814357053

21 Gaff the Magician (level 2, -1/21 HPs)
             Began as a Djinni Earth Elementalist on Apr 28, 2021.
             Was a Follower of Fedhas.
             Slain by an iguana (14 damage)
             ... on level 2 of the Dungeon.
             The game lasted 00:03:20 (2433 turns).

Gaff the Magician (Djinni Earth Elementalist)       Turns: 2433, Time: 00:03:21

Health: -1/21      AC:  3    Str:  7    XL:     2   Next: 87%
Gold:   24         EV: 12    Int: 16    God:    Fedhas [*.....] SH:  0 Dex: 13

rFire    + + .     SeeInvis .   f - +0 rapier
rCold    x . .     Faith    .   (no shield)
rNeg     . . .     Spirit   .   c - +0 robe
rPois    ∞         Reflect  .   (no helmet)
rElec    .         Harm     .   (no cloak)
rCorr    .         Rampage  .   e - +0 pair of gloves
Will     .....                  (boots unavailable)
Stlth    ++........             (no amulet)
HPRegen  0.07/turn              (no ring)
MPRegen  0.00/turn              (no ring)

@: flying
A: fire resistance 2, cold vulnerability 1, float, innate caster, hp casting,
extra vitality 1
a: Renounce Religion


You were on level 2 of the Dungeon.
You worshipped Fedhas.
Fedhas was aware of your devotion.
You visited 1 branch of the dungeon, and saw 2 of its levels.

You collected 24 gold pieces.

Inventory:

Hand Weapons
 a - a +0 hunting sling
 f - a +0 rapier (weapon)
 i - a +0 mace
Missiles
 b - 43 stones
 h - 2 javelins
Armour
 c - a +0 robe (worn)
 e - a +0 pair of gloves (worn)
Scrolls
 d - a scroll of amnesia {unknown}
 g - a scroll of teleportation {unknown}
 j - a scroll of fear {unknown}
 k - a scroll of magic mapping {unknown}


   Skills:
 + Level 0.1 Short Blades
 + Level 2.3 Dodging
 + Level 1.6 Stealth
 + Level 3.3 Spellcasting


You couldn't memorise any spells.
You knew the following spells:

 Your Spells              Type           Power      Damage    Failure   Level
a - Sandblast             Erth           26%        2d8       4%          1
b - Passwall              Tmut/Erth      10%        N/A       7%          2
c - Stone Arrow           Conj/Erth      26%        3d8       14%         3
d - Petrify               Tmut/Erth      13%        N/A       41%         4
e - Lee's Rapid Deconstr  Erth           6%         3d7*      77%         5
Your spell library was empty.

Dungeon Overview and Level Annotations

Branches:
Dungeon (2/15)

Altars:
Fedhas

Annotations:
D:2 Natasha


Innate Abilities, Weirdness & Mutations

You are immune to poison.
Your flesh is very heat resistant. (rF++)
You are vulnerable to cold. (rC-)
You float through the air rather than walking.
You learn spells naturally, not from books.
Your magical power is your life essence.
You have superior vitality. (+4 HP)


Message History

The hobgoblin hits you.
You closely miss the hobgoblin.
The hobgoblin hits you but does no damage.
You hit the hobgoblin.
The hobgoblin is heavily wounded.
The hobgoblin hits you.
You barely miss the hobgoblin.
The hobgoblin is heavily wounded.
The hobgoblin hits you but does no damage.
You hit the hobgoblin but do no damage.
The hobgoblin is heavily wounded.
The hobgoblin hits you. x2
You closely miss the hobgoblin.
The hobgoblin is heavily wounded.
The hobgoblin barely misses you.
You hit the hobgoblin.
You kill the hobgoblin!
Fedhas appreciates your contribution to the ecosystem.
You start resting.
HP restored.
You reach down and open the door.
There is an open door here.
There is an open door here.
You reach down and open the door.
There is an open door here.
You reach down and open the door.
There is an open door here.
k - a scroll labelled VABIAP ZUOD An iguana comes into view.
The iguana hisses angrily.
You barely miss the iguana. The iguana bites you!
Aiming: Sandblast (safe; 4% risk of failure)
Press: ? - help, Q - select action, (/) - cycle Shift-Dir - straight line, f - iguana
Aim: an iguana (82% to hit)
The blast of sand hits the iguana.
The iguana is moderately wounded.
The iguana bites you!
Ouch! That really hurt!
You die...
Fedhas appreciates your contribution to the ecosystem.

##########.##
#..........
########.###....##
#..........#.####
#.######.#.#.#
#.#......#.#.#
#.#.######.#.#
#.#.# #.#.# #@#.#
#.#.# #l#.# #.#
#.#.######.#
#.#........#
#.########## #..
###


You could see an iguana.

Vanquished Creatures
  3 ball pythons
  3 endoplasms (D:1)
  3 hobgoblins
  2 kobolds (D:1)
  4 bats
  3 rats (D:1)
18 creatures vanquished.

Vanquished Creatures (others)
  A plant (D:1)
1 creature vanquished.

Grand Total: 19 creatures vanquished

Notes
Turn   | Place    | Note
-------+----------+-------------------------------------------
     0 | D:1      | Gaff the Djinni Earth Elementalist began the quest for the
                  | Orb.
     0 | D:1      | Reached XP level 1. HP: 15/15 MP: 0/0
   613 | D:1      | Reached skill level 3 in Spellcasting
   649 | D:1      | Reached XP level 2. HP: 21/21 MP: 0/0
   973 | D:1      | Found a faded altar of an unknown god.
   979 | D:1      | Became a worshipper of Fedhas Madash
   979 | D:1      | Reached * piety under Fedhas
  2060 | D:2      | Noticed Natasha
  2433 | D:2      | Slain by an iguana

Illustrated notes

Levels and vault maps discovered:
D:1:      dpeg_arrival_water_fire, layout_basic,
          shapermc_ecumenical_altar_hornbeckon, amethyst_killhole,
          minmay_unequal
D:2:      layout_basic, uniq_terence, uniq_sigmund, uniq_natasha

Skill      XL: |  1 |
---------------+----+-----
Spellcasting   | 3 |  3.3
Short Blades   | |  0.1
Dodging        | |  2.3
Stealth        | |  1.6

Action                   || total
-------------------------++-------
Melee: Rapier            ||    37
       Unarmed           ||     1
Throw: Javelin           ||     1
 Cast: Sandblast         ||    21
 Stab: Sleeping          ||     1
Armor: Robe              ||    20
Dodge: Dodged            ||    35

Table legend: (Time is in decaauts)
 A = Elapsed time spent in this place.
 B = Non-inter-level travel time spent in this place.
 C = Inter-level travel time spent in this place.
 D = Time resting spent in this place.
 E = Time spent auto-exploring this place.
 F = Levels seen in this place.
 G = Mean time per level.
                   A        B        C        D        E       F      G
               +--------+--------+--------+--------+--------+-----+--------+
         Total |   2444 |   2358 |     86 |   1073 |   1039 |   2 | 1222.0 |
       Dungeon |   2444 |   2358 |     86 |   1073 |   1039 |   2 | 1222.0 |
               +--------+--------+--------+--------+--------+-----+--------+

Top non-repeatable levels by time:
     D:1: 1797 daAuts
     D:2: 647 daAuts
